 Dungeon Crawl Stone Soup version 0.22.0 (webtiles) character file.

7773 inmateoo the Spear-Bearer (level 11, -1/133 HPs)
             Began as a Minotaur Fighter on Aug 11, 2018.
             Was an Elder of Hepliaklqana.
             Slain by an orc warrior
             ... wielding a cursed -2 glaive
              (30 damage)
             ... in a bailey.
             The game lasted 00:11:01 (6643 turns).

inmateoo the Spear-Bearer (Minotaur Fighter)        Turns: 6643, Time: 00:11:02

Health: -1/133     AC: 25    Str: 24    XL:     11   Next: 1%
Magic:  10/10      EV:  2    Int:  5    God:    Hepliaklqana [****..]
Gold:   321        SH: 12    Dex: 10    Spells: 10/10 levels left

rFire    + . .     SeeInvis .   a - +1 trident
rCold    + . .     Gourm    .   c - +0 shield
rNeg     + + +     Faith    .   (armour currently unavailable)
rPois    +         Spirit   .   (helmet currently unavailable)
rElec    .         Reflect  .   (cloak currently unavailable)
rCorr    .         Harm     .   (gloves currently unavailable)
MR       .....     NoTele   +   (boots currently unavailable)
Stlth    +.........             g - amulet of regeneration
HPRegen  0.72/turn              o - ring of protection from fire
MPRegen  0.12/turn              k - ring of protection from cold

@: tree-form, berserk cooldown, slowed, very slow
A: (retaliatory headbutt), reduced essence
a: Recall Ancestor, Ancestor Identity, Transference, Idealise, Renounce Religion


You were in a bailey.
You worshipped Hepliaklqana.
Hepliaklqana was greatly pleased with you.
You were not hungry.
You were a tree.
You visited 1 branch of the dungeon, and saw 9 of its levels.
You also visited: Bailey.

You collected 531 gold pieces.
You spent 210 gold pieces at shops.

Inventory:

Hand Weapons
 a - a +1 trident (weapon)
Armour
 c - a +0 shield (worn)
 h - a +0 cloak (melded)
 n - a +1 pair of gloves (melded)
 H - a +8 plate armour of ponderousness (melded)
 I - the +3 leather armour of Limitation {rN++ MR+}
   (You found it on level 7 of the Dungeon)

   It greatly protects you from negative energy.
   It affects your resistance to hostile enchantments.
Jewellery
 g - an amulet of regeneration (around neck)
 k - a ring of protection from cold (right branch)
 o - a ring of protection from fire (left branch)
 t - an uncursed ring of resist corrosion
 v - an uncursed ring of positive energy
Wands
 x - a wand of flame (72)
 y - a wand of acid (16)
 C - a wand of random effects (25)
 D - a wand of iceblast (6)
 F - a wand of paralysis (4)
 G - a wand of enslavement (11)
Scrolls
 b - 4 scrolls of enchant weapon
 i - a scroll of blinking
 j - 3 scrolls of amnesia
 r - 3 scrolls of remove curse
 s - 4 scrolls of teleportation
 z - 2 scrolls of fear
 A - a scroll of enchant armour
 J - a scroll of fog
Potions
 d - 2 potions of might
 e - 2 potions of mutation
 m - 3 potions of curing
 p - 5 potions of haste
 w - 2 potions of brilliance
 E - a potion of magic
 L - a potion of experience {unknown}
 M - a potion of heal wounds {unknown}
 N - a potion of resistance {unknown}
Comestibles
 f - 13 rations


   Skills:
 + Level 9.8 Fighting
 * Level 12.7 Polearms
 + Level 9.8 Armour
 + Level 9.8 Shields


You had 10 spell levels left.
You didn't know any spells.
Your spell library contained the following spells:

 Spells                   Type           Power        Failure   Level  Hunger
 Magic Dart               Conj           #...         71%         1    ##.....
 Lightning Bolt           Conj/Air       #.........   100%        5    ######.
 Iskenderun's Mystic Bla  Conj           #.......     100%        4    #####..
 Animate Dead             Necr           N/A          100%        4    #####..
 Pain                     Necr           #...         71%         1    ##.....
 Animate Skeleton         Necr           N/A          71%         1    ##.....
 Vampiric Draining        Necr           #.........   97%         3    ####...
 Regeneration             Chrm/Necr      #.........   97%         3    ####...
 Shock                    Conj/Air       #...         71%         1    ##.....
 Swiftness                Chrm/Air       #.......     83%         2    ###....
 Spider Form              Tmut/Pois      #.........   97%         3    ####...
 Blade Hands              Tmut           #.........   100%        5    ######.
 Ice Form                 Ice/Tmut       #.......     100%        4    #####..
 Airstrike                Air            #.........   100%        4    #####..
 Sticks to Snakes         Tmut           #.......     83%         2    ###....
 Static Discharge         Conj/Air       #.......     97%         3    ####...
 Beastly Appendage        Tmut           #.....       71%         1    ##.....
 Fulminant Prism          Conj/Hex       #.........   100%        4    #####..
 Dazzling Spray           Conj/Hex       #.....       97%         3    ####...
 Force Lance              Conj/Tloc      #.......     100%        4    #####..
 Searing Ray              Conj           #.....       83%         2    ###....


Dungeon Overview and Level Annotations

Branches:
Dungeon (9/15)             Temple (0/1) D:7
   Lair: D:8-11         Orc: D:9-12

Altars:
Cheibriados
Elyvilon
Fedhas
Hepliaklqana
Kikubaaqudgha
Nemelex Xobeh
Okawaru
Qazlal
Sif Muna
Uskayaw
Vehumet
Wu Jian
Xom
The Shining One

Shops:
D:8 ?

Annotations:
D:3 1 runed door


Innate Abilities, Weirdness & Mutations

((You reflexively headbutt those who attack you in melee.))
((You have a pair of horns on your head.))
Your life essence is reduced to manifest your ancestor. (-10% HP)


Message History

Press: ? - help, Dir - move target cursor, f - orc warrior
Aim: an orc warrior, wielding a glaive and wearing a scale mail (moderately wounded, unusually strong)
You reach to attack!
You puncture the orc warrior!
The orc warrior is heavily wounded.
The orc warrior hits you from afar with a glaive!
* * * LOW HITPOINT WARNING * * *
Attack whom?
Press: ? - help, Dir - move target cursor, f/p - orc warrior
Aim: an orc warrior, wielding a glaive and wearing a scale mail (heavily wounded, unusually strong)
You reach to attack!
You hit the orc warrior but do no damage.
The orc warrior is heavily wounded.
You block the orc warrior's attack.
Attack whom?
Press: ? - help, Dir - move target cursor, f/p - orc warrior
Aim: an orc warrior, wielding a glaive and wearing a scale mail (heavily wounded, unusually strong)
You reach to attack!
You miss the orc warrior.
The orc warrior is heavily wounded.
The orc warrior hits you from afar with a glaive!!
You die...

####### ############
####.....## ##........∩.##
.g#o......######♣...))......#
..'..o..go#)...#....))......#
g.'.)....gg)...o....)).....∩#
..'.g....g#[...#....).......#
..#.......######....))......#
####.....## ##........∩.##
####### ############


You could see an orc warrior.

Vanquished Creatures
  A two-headed ogre (D:9)
  The ghost of Aviak the Protected, a novice MiFi (D:7)
  3 orc knights (Bailey)
  The ghost of HandsomeConkers the Skirmisher, a novice MiHu of Elyvilon (D:5)
  A hippogriff (D:7)
  4 orc warriors
  A black bear (D:4)
  A centaur (D:8)
  An ogre (D:5)
  7 big kobolds (D:7)
  Blork the orc (D:4)
  4 bullfrogs
  A water moccasin skeleton (D:8)
  2 scorpions
  4 killer bees (D:7)
  2 howler monkeys
  3 electric eels (D:7)
  3 crimson imps
  A centaur zombie (D:5)
  2 hounds
  A jelly (D:7)
  3 orc priests
  2 centaur skeletons (D:8)
  2 iguanas
  2 orc wizards (D:8)
  3 worker ants
  A hound zombie (D:6)
  9 adders
  4 gnolls
  4 oozes
  An adder skeleton (D:8)
  4 worms
  2 dart slugs
  A leopard gecko (D:4)
  36 orcs
  8 giant cockroaches
  8 goblins
  8 hobgoblins
  10 jackals
  4 kobolds
  3 quokkas
  3 ball pythons
  6 bats
  7 frilled lizards
  8 rats
184 creatures vanquished.

Vanquished Creatures (collateral kills)
  An orc knight (Bailey)
  Psyche (D:8)
  A hungry ghost (D:7)
  4 orc warriors (Bailey)
  2 ogres (D:5)
  A centaur (D:5)
  A bullfrog (D:8)
  A killer bee (D:7)
  An electric eel (D:7)
  A crimson imp (D:7)
  A bullfrog zombie (D:5)
  A jelly (D:5)
  An orc priest (D:2)
  3 orc wizards
  An iguana (D:5)
  A howler monkey zombie (D:7)
  3 gnolls
  2 adders
  A shadow imp (D:5)
  A dart slug (D:4)
  25 orcs
  2 jackals
  A quokka (D:4)
  A frilled lizard (D:4)
  A kobold (D:3)
  A rat (D:3)
60 creatures vanquished.

Vanquished Creatures (others)
  4 knights
  2 ancestors
  2 fungi (D:7)
  3 plants (D:7)
11 creatures vanquished.

Grand Total: 255 creatures vanquished

Notes
Turn   | Place    | Note
-------+----------+-------------------------------------------
     0 | D:1      | inmateoo the Minotaur Fighter began the quest for the Orb.
     0 | D:1      | Reached XP level 1. HP: 19/19 MP: 0/0
   180 | D:1      | Reached XP level 2. HP: 27/27 MP: 1/1
   259 | D:1      | Reached skill level 3 in Polearms
   479 | D:1      | Reached XP level 3. HP: 33/33 MP: 2/2
   826 | D:2      | Reached XP level 4. HP: 34/40 MP: 3/3
   828 | D:2      | Found a faded altar of an unknown god.
   867 | D:2      | Reached skill level 4 in Polearms
   890 | D:2      | Became a worshipper of Hepliaklqana the Forgotten
   890 | D:2      | Reached * piety under Hepliaklqana
   990 | D:2      | Found a white marble altar of Elyvilon.
  1062 | D:2      | Found a radiant altar of Vehumet.
  1399 | D:2      | Reached XP level 5. HP: 13/42 MP: 4/4
  1727 | D:3      | Found a glowing golden altar of the Shining One.
  1727 | D:3      | Found a runed door.
  1727 | D:3      | Noticed an angel
  1806 | D:3      | Found a hide-covered altar of Uskayaw.
  1946 | D:3      | Reached skill level 5 in Polearms
  2121 | D:3      | Found a deep blue altar of Sif Muna.
  2215 | D:3      | Reached XP level 6. HP: 49/49 MP: 5/5
  2283 | D:3      | Found a sparkling altar of Nemelex Xobeh.
  2564 | D:4      | Noticed Blork the orc
  2568 | D:4      | Killed Blork the orc
  2568 | D:4      | Reached skill level 5 in Fighting
  2568 | D:4      | Reached skill level 5 in Armour
  2568 | D:4      | Reached skill level 5 in Shields
  2628 | D:4      | Found an iron altar of Okawaru.
  2719 | D:4      | Reached ** piety under Hepliaklqana
  2720 | D:4      | Remembered your ancestor evilsys280 as a knight
  2724 | D:4      | Found an ornate altar of the Wu Jian Council.
  2922 | D:4      | Reached skill level 6 in Polearms
  2930 | D:4      | Found a stormy altar of Qazlal.
  3135 | D:5      | Entered Level 5 of the Dungeon
  3160 | D:5      | Reached XP level 7. HP: 54/54 MP: 6/6
  3320 | D:5      | Reached skill level 7 in Polearms
  3356 | D:5      | Found a transporter.
  3357 | D:5      | Noticed HandsomeConkers's ghost (novice MiHu)
  3374 | D:5      | Reached XP level 8. HP: 57/63 MP: 7/7
  3450 | D:5      | Found a transporter.
  3476 | D:5      | Killed HandsomeConkers's ghost
  3476 | D:5      | Reached skill level 8 in Polearms
  3479 | D:5      | Got a smoking great mace {crush}
  3498 | D:5      | Identified the +7 great mace "Thing" {crush, rF+ rC+ MR+} (You took it off an ogre on level 5 of the Dungeon)
  3679 | D:6      | Found a shimmering altar of Xom.
  3715 | D:6      | Reached skill level 9 in Polearms
  3788 | D:6      | Found a stormy altar of Qazlal.
  3791 | D:6      | Noticed an air elemental
  3842 | D:6      | Reached *** piety under Hepliaklqana
  3902 | D:6      | Found an ancient bone altar of Kikubaaqudgha.
  4076 | D:7      | Found a blossoming altar of Fedhas.
  4118 | D:7      | Reached XP level 9. HP: 71/71 MP: 8/8
  4224 | D:7      | Found a runed gate.
  4226 | D:7      | Found a runed gate.
  4226 | D:7      | Found a runed gate.
  4229 | D:7      | Noticed Aviak's ghost (novice MiFi)
  4313 | D:7      | Reached skill level 10 in Polearms
  4317 | D:7      | Paralysed by a big kobold for 4 turns
  4377 | D:7      | Killed Aviak's ghost
  4478 | D:7      | Reached skill level 11 in Polearms
  4807 | D:7      | Found a staircase to the Ecumenical Temple.
  5113 | D:7      | Got a heavily runed leather armour
  5124 | D:7      | Identified the +3 leather armour of Limitation {rN++ MR+} (You found it on level 7 of the Dungeon)
  5257 | D:8      | Reached XP level 10. HP: 76/81 MP: 9/9
  5330 | D:8      | Noticed Psyche
  5347 | D:8      | Paralysed by something for 4 turns
  5348 | D:8      | Killed Psyche
  5425 | D:8      | Found a snail-covered altar of Cheibriados.
  5446 | D:8      | Found Xomuirghe's Magic Scroll Emporium.
  5451 | D:8      | Bought a scroll of enchant weapon for 105 gold pieces
  5451 | D:8      | Bought a scroll of fog for 28 gold pieces
  5451 | D:8      | Bought a scroll of identify for 28 gold pieces
  5451 | D:8      | Bought a scroll of fear for 49 gold pieces
  5482 | D:8      | Reached **** piety under Hepliaklqana
  5621 | D:8      | Found a glowing golden altar of the Shining One.
  5912 | D:9      | Noticed a two-headed ogre
  5924 | D:9      | Killed a two-headed ogre
  5926 | D:9      | Found a flagged portal.
  5958 | Bailey   | Entered a bailey
  6317 | Bailey   | Noticed an orc knight
  6318 | Bailey   | Noticed an orc knight
  6318 | Bailey   | Noticed an orc knight
  6353 | Bailey   | Killed an orc knight
  6353 | Bailey   | Reached skill level 12 in Polearms
  6373 | Bailey   | Killed an orc knight
  6519 | Bailey   | Killed an orc knight
  6567 | Bailey   | Noticed an orc knight
  6639 | Bailey   | Killed an orc knight
  6639 | Bailey   | Reached XP level 11. HP: 58/89 MP: 10/10
  6643 | Bailey   | Slain by an orc warrior

Skill      XL: |  1  2  3  4  5  6  7  8  9 10 |
---------------+-------------------------------+-----
Polearms       | 3 4 5 6 7 9 11 12 | 12.7
Fighting       | 4 5 6 7 8 9 |  9.8
Shields        | 4 5 6 7 8 9 |  9.8
Armour         | 4 5 6 7 8 9 |  9.8

Action                   |  1- 3 |  4- 6 |  7- 9 | 10-12 || total
-------------------------+-------+-------+-------+-------++-------
Melee: Trident           |    81 |   177 |   259 |   213 ||   730
       Headbutt          |     8 |    22 |    36 |    21 ||    87
Invok: Ancestor Life: Kn |       |     1 |       |       ||     1
       Ancestor Identity |       |     1 |       |       ||     1
       Recall Ancestor   |       |       |     1 |       ||     1
  Use: Scroll            |       |       |    17 |     4 ||    21
       Potion            |       |       |       |     7 ||     7
 Stab: Distracted        |       |     1 |     3 |     1 ||     5
       Invisible         |       |       |       |     1 ||     1
  Eat: Chunk             |       |     7 |     9 |     3 ||    19
       Ration            |       |       |       |     1 ||     1
Armor: Scale mail        |    24 |    42 |    51 |       ||   117
       Leather armour    |       |       |     2 |    15 ||    17
       Plate armour      |       |       |       |    55 ||    55
       Skin              |       |       |       |     6 ||     6
Dodge: Dodged            |    11 |    22 |    41 |    55 ||   129
Block: Shield            |    26 |    51 |    76 |   134 ||   287
